 Dungeon Crawl Stone Soup version 0.30.1-9-gdf580d7c3d (webtiles) character file.

Game seed: 1188576844726817030

54 booth the Chopper (level 3, -4/33 HPs)
             Began as a Hill Orc Monk on Oct 3, 2023.
             Slain by Terence
             ... wielding a +0 heavy hand axe
              (7 damage)
             ... on level 3 of the Dungeon.
             The game lasted 00:14:26 (1830 turns).

booth the Chopper (Hill Orc Monk)                   Turns: 1830, Time: 00:14:26

Health: -4/33      AC:  4    Str: 15    XL:     3   Next: 91%
Magic:  4/4        EV: 12    Int: 10    God:
Gold:   110        SH:  0    Dex: 13    Spells: 2/2 levels left

rFire   + . .        a - +0 hand axe
rCold   . . .        d - orb {light}
rNeg    . . .        g - +1 robe {rF+}
rPois   .            (no helmet)
rElec   .            i - +0 cloak
rCorr   .            (no gloves)
SInv    .            (no boots)
Will    .....        (no amulet)
Stlth   +            (no ring)
HPRegen 0.25/turn    (no ring)
MPRegen 0.09/turn

%: no passive effects
@: attractive, glowing
A: no striking features
a: no special abilities


You were on level 3 of the Dungeon.
You visited 1 branch of the dungeon, and saw 3 of its levels.

You collected 110 gold pieces.

Inventory:

Hand Weapons
 a - a +0 hand axe (weapon)
Armour
 d - an orb of light (worn)
 g - a +1 robe of fire resistance (worn)
 i - a +0 cloak (worn)
 n - a +0 ring mail
Scrolls
 m - a scroll of immolation
Potions
 b - 3 potions of curing
 c - a potion of ambrosia
 f - a potion of brilliance
 h - a potion of cancellation {unknown}


   Skills:
 + Level 4.1 Fighting
 * Level 4.9 Axes
 + Level 2.8 Dodging
 + Level 1.8 Invocations


You had 2 spell levels left.
You didn't know any spells.
Your spell library contained the following spells:

 Spells                   Type           Power      Damage    Failure   Level
 Foxfire                  Conj/Fire      0%         2x1d4     36%         1
 Fireball                 Conj/Fire      0%         3d3       100%        5
 Plasma Beam              Fire/Air       0%         2x1d11    100%        6
 Starburst                Conj/Fire      0%         6d3       100%        6


Dungeon Overview and Level Annotations

Branches:
Dungeon (3/15)

Altars:

Annotations:
D:3 Terence


Message History

Terence closely misses you.
As you read the scroll labelled QOINOACOMA, it crumbles to dust.
You feel aware of your surroundings.
You sensed 1 shop/portal.
It was a scroll of magic mapping.
It was a potion of heal wounds.
You feel much better. Terence misses you.
Okay, then.
The air fills with toxic fumes!
As you read the scroll labelled CUMMOL MOTS, it crumbles to dust.
It was a scroll of poison.
Terence hits you with a +0 heavy hand axe!
You hit Terence.
Terence is moderately wounded.
Terence hits you with a +0 heavy hand axe.
* * * LOW HITPOINT WARNING * * *
You hit Terence but do no damage.
Terence is moderately wounded.
You hit Terence but do no damage.
Terence is moderately wounded.
Terence hits you but does no damage.
You hit Terence but do no damage.
Terence is moderately wounded.
Terence closely misses you.
You hit Terence but do no damage.
Terence is moderately wounded.
You hit Terence but do no damage.
Terence is moderately wounded.
Terence hits you with a +0 heavy hand axe!
* * * LOW HITPOINT WARNING * * *
You hit Terence.
Terence is moderately wounded.
Terence barely misses you.
You hit Terence but do no damage.
Terence is moderately wounded.
You barely miss Terence.
Terence is moderately wounded.
Terence closely misses you.
You hit Terence.
Terence is heavily wounded.
Terence hits you with a +0 heavy hand axe!
You die...

........#.#.#...,*,*
.###.##.#.#....☼°☼,*
.....##.#......°○#**
###............☼°#
.##.##.##......#§#
.##............#§#
....##.#.#######§#
#.#.##.#.☼○°.###@#
..#....#####§.☼°@#
######## #######


You could see Terence.

Vanquished Creatures
  An adder (D:2)
  9 endoplasms
  6 giant cockroaches
  A goblin (D:2)
  2 hobgoblins (D:1)
  4 quokkas
  3 ball pythons
  4 bats
  2 frilled lizards
  5 kobolds
  A rat (D:1)
38 creatures vanquished.

Notes
Turn   | Place    | Note
-------+----------+-------------------------------------------
     0 | D:1      | booth the Hill Orc Monk began the quest for the Orb.
     0 | D:1      | Reached XP level 1. HP: 19/19 MP: 1/1
   338 | D:1      | Reached XP level 2. HP: 25/27 MP: 2/2
   409 | D:1      | Reached skill level 1 in Invocations
   651 | D:1      | Reached XP level 3. HP: 28/33 MP: 3/3
  1803 | D:3      | Noticed Terence
  1830 | D:3      | Slain by Terence

Illustrated notes

Levels and vault maps discovered:
D:1:      scummos_arrival_hexagon, layout_basic, chequers_serial_rivers_micro_b,
          serial_bayou_pond_e, minmay_pentomino_v2
D:2:      layout_loops_ring, nrook_campfire
D:3:      layout_basic, serial_shops, nicolae_shop_overgrown_old_shop,
          grunt_ministairs_11, minmay_surrounded, uniq_terence

Skill      XL: |  1  2  3 |
---------------+----------+-----
Invocations    | 1 |  1.8
Fighting       | 4 |  4.1
Axes           | |  4.9
Dodging        | |  2.8

Action                     || total
---------------------------++-------
  Melee: Hand axe          ||   138
    Use: Scroll            ||     4
         Potion            ||     3
 Armour: Robe              ||    20
  Dodge: Dodged            ||    74
